Cogmind - Beta 16 @@@ ROGUE MODE // 2026.02.04 @ 17:43:28 Player: ae Result: Destroyed by B-86 Titan with Railgun Performance ------------- Evolutions (7) 3500 Regions Visited (24) 4800 Robots Destroyed (180) 900 Value Destroyed (6604) 6604 Prototype IDs (35) 700 Alien Tech Used (2) 400 Bonus (4384) 4384 TOTAL SCORE: 21288 Bonus ------- High Alert Combat Kills 13 Follower Combat Kills 2828 Met Data Miner 300 Met Imprinter 300 Was Imprinted 300 Met Zhirov 300 Built Enhanced Grunts 300 Met R17 at Cetus 500 Friendly Fire -457 Cogmind --------- Core Integrity 0/1300 Matter 157/300 Energy 25/100 System Corruption 8% Temperature Cool (0) Movement Core (50) Location -3/Research Parts ------- > --- POWER (2) -------- (None) > --- PROPULSION (6) --- (None) > --- UTILITY (9) ------ Advanced Visual Processing Unit Advanced Terrain Scan Processor Advanced Launcher Guidance Computer Improved Hacking Suite Improved Hacking Suite Improved System Shield Improved System Shield > --- WEAPON (4) ------- (None) > --- INVENTORY (5) ---- Antimatter Reactor Peak State ------------ > --- POWER ------------ Antimatter Reactor Antimatter Reactor > --- PROPULSION ------- Antigrav System Antigrav System Linear Gravjet Improved Linear Gravjet Improved Linear Gravjet Improved Linear Gravjet > --- UTILITY ---------- Advanced Cryofiber Web Improved Heat Sink Small Storage Unit Advanced Energy Well Advanced Signal Interpreter Advanced Terrain Scanner Improved Melee Analysis Suite Advanced Melee Analysis Suite Transmission Jammer > --- WEAPON ----------- Hellfire Missile Launcher Lance > --- INVENTORY -------- Light Antimatter Reactor Cooled Field Propulsion Drive Cooled Field Propulsion Drive Improved Hacking Suite Improved System Shield Transdimensional Reconstructor Improved Remote Datajack [Rating: 115] Favorites ----------- Power Light Nuclear Core Engine Light Ion Engine Power Core Light Nuclear Core Reactor Quantum Reactor Propulsion Carbon-fiber Leg Treads Improved Treads Leg Carbon-fiber Leg Wheel Compact Wheel Hover Unit Antigrav System Flight Unit Cooled Field Propulsion Drive Utility High-capacity Storage Unit Device Advanced Sensor Array Storage High-capacity Storage Unit Processor Signal Interpreter Hackware Improved Hacking Suite Protection Improved Medium Armor Plating Weapon Ripper Energy Gun Medium Laser Energy Cannon Neutron Cannon Ballistic Gun Light Assault Rifle Ballistic Cannon Improved Light Cannon Launcher Heavy Missile Launcher Special Weapon Improved Remote Datajack Impact Weapon Heavy Hammer Slashing Weapon Ripper Piercing Weapon Lance Build | -11 -10 -9 -9 -9 -7 -7 -7 -7 -6 -6 -6 -6 -5 -5 -5 -5 -5 -5 -4 -4 -4 -4 -3 -3 ------- Run | Yrd Mat Mat Sto Rec Fac Low Low Dat Pro Fac Low Zio Pro Fac Ext Cet Arc Hub Fac Upp Upp Zhi Pro Res Slots Evolved 14 | . . 2 . . 4 . . . . 2 . . . 2 . . . . 2 . . . . 2 Power 1 | . . . . . . . . . . . . . . . . . . . 1 . . . . . Propulsion 4 | . . . . . 2 . . . . . . . . . . . . . 1 . . . . 1 Utility 7 | . . 2 . . . . . . . 2 . . . 2 . . . . . . . . . 1 Weapon 2 | . . . . . 2 . . . . . . . . . . . . . . . . . . . Parts Attached 199 | 7 8 17 11 2 31 5 2 . 6 5 . . 4 13 10 2 6 15 11 . . 5 3 36 Power 21 | 1 1 1 1 . 4 . . . . . . . . 2 . 1 . 3 1 . . 1 . 5 Engine 6 | 1 1 1 1 . 1 . . . . . . . . 1 . . . . . . . . . . Core 8 | . . . . . 3 . . . . . . . . 1 . . . 3 1 . . . . . Reactor 7 | . . . . . . . . . . . . . . . . 1 . . . . . 1 . 5 Propulsion 65 | 2 3 6 2 2 14 . 2 . 1 1 . . 1 3 3 . 2 5 4 . . 2 . 12 Treads 8 | 2 . . . 2 4 . . . . . . . . . . . . . . . . . . . Leg 34 | . 1 6 2 . 7 . 2 . . 1 . . 1 2 3 . 2 5 . . . 2 . . Wheel 5 | . 2 . . . 3 . . . . . . . . . . . . . . . . . . . Hover 11 | . . . . . . . . . . . . . . . . . . . 3 . . . . 8 Flight 7 | . . . . . . . . . 1 . . . . 1 . . . . 1 . . . . 4 Utility 69 | 2 2 4 5 . 5 1 . . 2 4 . . . 8 4 . 3 4 5 . . 1 3 16 Device 27 | 1 . 3 1 . 1 . . . 2 2 . . . 3 2 . 1 2 3 . . . . 6 Storage 6 | 1 1 . . . 1 . . . . . . . . . . . 1 . 1 . . . . 1 Processor 21 | . 1 1 1 . 2 1 . . . 2 . . . 4 . . . . 1 . . . 3 5 Hackware 5 | . . . . . . . . . . . . . . . . . . . . . . 1 . 4 Protection 10 | . . . 3 . 1 . . . . . . . . 1 2 . 1 2 . . . . . . Artifact . | . . . . . . . . . . . . . . . . . . . . . . . . . Weapon 44 | 2 2 6 3 . 8 4 . . 3 . . . 3 . 3 1 1 3 1 . . 1 . 3 Energy Gun 2 | 1 . . . . . . . . . . . . . . . . . 1 . . . . . . Energy Cannon 1 | . . . . . . . . . . . . . . . . . 1 . . . . . . . Ballistic Gun 15 | 1 2 3 1 . 4 . . . . . . . 1 . 1 . . . 1 . . 1 . . Ballistic Cannon 4 | . . 2 1 . 1 . . . . . . . . . . . . . . . . . . . Launcher 7 | . . . . . 1 . . . 2 . . . 2 . . . . . . . . . . 2 Special Weapon 1 | . . . . . . . . . . . . . . . . . . . . . . . . 1 Impact Weapon 2 | . . 1 1 . . . . . . . . . . . . . . . . . . . . . Slashing Weapon 11 | . . . . . 2 4 . . 1 . . . . . 2 1 . 1 . . . . . . Piercing Weapon 1 | . . . . . . . . . . . . . . . . . . 1 . . . . . . Special Melee Weapon . | . . . . . . . . . . . . . . . . . . . . . . . . . Unidentified Prototypes 10 | . . 2 . . . . . . 1 . . . . . . . 3 . . . . 2 . 2 Parts Lost 107 | . 4 3 8 1 22 . 1 . . . . . 1 4 5 . 5 16 11 . 3 . 3 20 Power 10 | . 1 1 1 . 3 . . . . . . . . . . . . 3 . . . . . 1 Propulsion 42 | . 3 1 2 . 8 . 1 . . . . . . 1 1 . 2 6 6 . 1 . . 10 Utility 30 | . . . 2 1 3 . . . . . . . 1 1 3 . 3 3 2 . 2 . 3 6 Weapon 25 | . . 1 3 . 8 . . . . . . . . 2 1 . . 4 3 . . . . 3 Highest Loss Streak 9 | . 3 2 8 1 6 . 1 . . . . . 1 2 4 . 5 8 6 . 2 . 3 9 To Critical Strikes 1 | . . . . . . . . . . . . . . . . . . . . . . . . 1 Average Backups 17 | 5 13 19 16 17 17 18 19 19 19 19 20 19 18 18 17 19 19 17 15 8 7 7 8 7 Power . | . . . . . 1 2 2 2 1 1 1 1 1 1 1 1 1 1 1 1 1 . . . Propulsion 3 | 3 3 2 2 3 2 2 1 1 1 3 3 3 3 2 5 6 6 5 3 . . 1 2 1 Utility 6 | . 4 6 7 8 6 7 9 9 9 8 9 8 7 8 5 6 6 5 5 2 1 1 1 1 Weapon 6 | 1 5 10 6 6 6 7 7 7 6 6 7 7 7 6 5 6 6 5 4 5 5 4 4 1 Tool/Special . | . . . . . . . . . . . . . . . . . . . . . . . . . Unused Backups 30 | . . 7 . . 7 1 . . 1 . . 1 2 3 2 . . . 4 . . 1 . 1 Power 4 | . . . . . 1 . . . 1 . . . . 1 1 . . . . . . . . . Propulsion 6 | . . 3 . . 2 . . . . . . . . . . . . . . . . . . 1 Utility 11 | . . . . . 4 . . . . . . 1 2 1 1 . . . 1 . . 1 . . Weapon 8 | . . 4 . . . 1 . . . . . . . 1 . . . . 2 . . . . . Tool/Special 1 | . . . . . . . . . . . . . . . . . . . 1 . . . . . Average Slot Usage (%) 93 | . 99 98 97 95 88 79 98 100 100 96 100 100 99 96 98 100 98 93 85 68 60 57 58 67 Engine 3 | . 13 10 9 11 3 . . . . . . . . 2 . . . . . . . . . . Core 3 | . . . . . 3 7 7 7 7 6 6 6 6 2 5 3 . 2 7 5 5 1 . . Treads 4 | . 18 . . 20 16 . . . . . . . . . . . . . . . . . . . Leg 16 | . 3 17 21 1 8 30 29 30 26 25 26 26 26 20 22 23 22 22 9 . . . . . Flight 1 | . . . . . . . . . 3 . . . . . . . . . 1 15 15 15 15 12 Device 9 | . 5 10 7 6 5 7 7 7 7 6 6 6 5 15 17 11 10 14 15 15 10 10 7 11 Storage 8 | . 14 11 11 11 9 7 7 7 7 6 6 6 6 5 5 5 7 11 10 10 10 10 7 6 Processor 17 | . 8 22 22 22 9 14 15 15 15 23 26 26 26 22 17 17 17 13 10 10 10 10 16 16 Protection 1 | . . . 2 . 2 . . . . . . . . 1 4 11 7 3 . . . . . . Ballistic Gun 5 | . 22 16 10 11 14 . . . . . . . 4 . . . . . 5 . . . . . Ballistic Cannon 2 | . . 4 9 11 5 . . . . . . . . . . . . . . . . . . . Slashing Weapon 11 | . . . . . 3 4 28 30 26 26 26 26 20 17 22 22 21 17 4 . . . . . Peak Build Rating 115 | 9 11 24 25 24 48 45 43 42 52 56 56 56 59 81 85 88 96 96 102 74 74 86 77 115 Average Rating 50 | 6 10 18 22 21 35 32 41 42 47 54 56 55 56 73 79 85 89 82 88 74 67 70 71 87 On Entrance 52 | . 9 11 24 23 19 31 45 42 42 52 56 56 55 59 73 85 88 96 90 74 74 66 70 63 Avg Prop Armor Cover (%) 9 | . 10 10 . . 4 . . . 1 2 . . . 1 . . . . 11 15 11 9 . 11 Naked Turns . | . . . . . . . . . . . . . . . . . . . . . . . . . Heaviest Build 92 | 14 49 59 63 56 67 58 58 58 62 58 58 58 62 80 84 92 92 92 88 21 21 20 18 59 Greatest Support 98 | 40 40 26 26 46 90 63 58 58 58 68 68 68 73 81 88 88 93 93 98 21 21 21 21 61 Greatest Overweight (x) 6 | . 2 3 2 2 6 . 1 . 1 1 . . . 1 1 1 1 1 4 . . . . 1 Average Overweight (x) . | . 1 2 1 1 . . . . . . . . . . . . . . 1 . . . . . Largest Inventory Capacity 20 | 8 20 20 20 20 20 20 20 20 20 20 20 20 20 20 20 20 20 20 20 8 8 8 8 8 Average Capacity 18 | 7 18 20 20 20 20 20 20 20 20 20 20 20 20 20 20 20 20 20 19 8 8 8 8 7 Most Carried 20 | 8 19 20 20 18 20 20 20 19 20 20 20 20 20 20 20 20 20 20 19 8 8 8 8 8 Average Carried 17 | 5 13 19 16 17 18 18 19 19 19 19 20 19 19 19 18 20 20 18 16 8 7 7 8 7 Final Capacity 20 | 8 20 20 20 20 20 20 20 20 20 20 20 20 20 20 20 20 20 20 8 8 8 8 8 5 Final Carried 20 | 8 19 20 16 18 19 20 19 19 20 20 20 20 20 20 20 20 20 20 8 8 8 8 8 1 Class Distribution -------------------- 17% | Derelict-Gladiator 17% | Mutant 14% | Scavenger-Mutant 12% | Commander-Gladiator 11% | Commander-Mutant 10% | Scavenger-Gladiator 5% | Derelict-Mutant 3% | Commander-Skirmisher 3% | Tank Dominant Class ---------------- Mutant | -10/Materials Mutant | -9/Materials Mutant | -9/Storage Commander-Mutant | -9/Recycling Tank | -7/Factory Scavenger-Mutant | -7/Lower Caves Scavenger-Mutant | -7/Lower Caves Scavenger-Mutant | -7/Data Miner Derelict-Mutant | -6/Proximity Caves Derelict-Gladiator | -6/Factory Derelict-Gladiator | -6/Lower Caves Derelict-Gladiator | -6/Zion Scavenger-Gladiator | -5/Proximity Caves Derelict-Gladiator | -5/Factory Commander-Gladiator | -5/Extension Commander-Gladiator | -5/Cetus Scavenger-Gladiator | -5/Archives Scavenger-Gladiator | -5/Hub_04(d) Scavenger-Gladiator | -4/Factory Scavenger-Mutant | -4/Upper Caves Scavenger-Mutant | -4/Upper Caves Scavenger-Mutant | -4/Zhirov Mutant | -3/Proximity Caves Mutant | -3/Research Resources | -11 -10 -9 -9 -9 -7 -7 -7 -7 -6 -6 -6 -6 -5 -5 -5 -5 -5 -5 -4 -4 -4 -4 -3 -3 ----------- Run | Yrd Mat Mat Sto Rec Fac Low Low Dat Pro Fac Low Zio Pro Fac Ext Cet Arc Hub Fac Upp Upp Zhi Pro Res Matter Collected 4978 | 276 186 350 620 167 1183 30 115 . 177 . . 80 145 178 197 142 60 194 181 41 . 131 . 525 Remotely . | . . . . . . . . . . . . . . . . . . . . . . . . . Salvage Created 8132 | 106 772 617 597 91 1731 . 188 . 491 . . . 502 341 574 34 . 749 254 . . . . 1085 Parts 375 | 4 36 37 40 9 81 . 5 . 8 . . . 21 21 23 1 . 28 15 . . . . 46 Haulers Intercepted 1 | . 1 . . . . . . . . . . . . . . . . . . . . . . . Recyclers Shooed 7 | . . 2 . . 3 . . . . . . . . . . . . . 1 . . . . 1 Parts Field Recycled . | . . . . . . . . . . . . . . . . . . . . . . . . . Retrieved Matter . | . . . . . . . . . . . . . . . . . . . . . . . . . Parts Self-Destructed 42 | . . . . . . . 3 . 15 . . . 21 . . . . . . 3 . . . . Prevented 10 | . . . . . . 1 . . 1 . . . 5 . . . . . . . 3 . . . Parts Restored . | . . . . . . . . . . . . . . . . . . . . . . . . . Kills | -11 -10 -9 -9 -9 -7 -7 -7 -7 -6 -6 -6 -6 -5 -5 -5 -5 -5 -5 -4 -4 -4 -4 -3 -3 ------- Run | Yrd Mat Mat Sto Rec Fac Low Low Dat Pro Fac Low Zio Pro Fac Ext Cet Arc Hub Fac Upp Upp Zhi Pro Res Combat Hostiles Destroyed 124 | . 15 13 15 2 32 . 4 . 3 . . . 8 4 6 1 . 10 4 . . . . 7 Melee 32 | . . . . . 5 . 1 . . . . . . 4 6 . . 9 2 . . . . 5 Guns 45 | . 15 11 5 1 11 . . . . . . . . . . . . . 2 . . . . . Cannons 18 | . . 2 10 1 4 . . . . . . . . . . . . 1 . . . . . . AOE 28 | . . . . . 11 . 3 . 3 . . . 8 . . 1 . . . . . . . 2 Classes Destroyed 18 | 2 6 2 1 1 4 . 1 . . . . . 1 . . . . . . . . . . . Worker 14 | . 1 . 1 . 4 . . . . . . . . . . . . 2 . . . . . 6 Builder 7 | . . . . . 2 . . . . . . . . . 1 . . 2 . . . . . 2 Tunneler 2 | 1 . . . . . . . . . . . . . . . . . . 1 . . . . . Hauler 1 | . 1 . . . . . . . . . . . . . . . . . . . . . . . Recycler 16 | 1 1 2 1 . 6 . . . . . . . . . 1 . . . . . . . . 4 Mechanic 2 | . 1 . 1 . . . . . . . . . . . . . . . . . . . . . Operator 2 | . 1 . . . 1 . . . . . . . . . . . . . . . . . . . Drone 1 | . . . 1 . . . . . . . . . . . . . . . . . . . . . Watcher 9 | . . 1 . . . . . . . . . . . 1 1 1 . 2 . . . . . 3 Swarmer 19 | . 3 2 4 . 5 . . . . . . . 4 . 1 . . . . . . . . . Grunt 49 | . 12 10 5 . 8 . 2 . 2 . . . 4 . 1 . . 3 . . . . . 2 Brawler 2 | . . . . . . . 1 . 1 . . . . . . . . . . . . . . . Duelist 1 | . . . . . 1 . . . . . . . . . . . . . . . . . . . Sentry 22 | . . 1 6 1 4 . 1 . . . . . . 1 4 . . 2 . . . . . 2 Specialist 1 | . . . . . 1 . . . . . . . . . . . . . . . . . . . Hunter 9 | . . . . . 7 . . . . . . . . . . . . 2 . . . . . . Programmer 21 | . . . . 1 7 . . . . . . . . 3 . . . 3 4 . . . . 3 Cetus Guard 1 | . . . . . . . . . . . . . . . . 1 . . . . . . . . Mutant 2 | . . . . . . . . . . . . . 1 1 . . . . . . . . . . Best Kill Streak 11 | 1 4 4 7 1 11 . 3 . 3 . . . 4 2 3 2 . 7 2 . . . . 9 Combat Bots Only 8 | . 4 4 6 1 8 . 3 . 3 . . . 4 2 3 1 . 4 2 . . . . 3 Max Kills in Single Turn 4 | 1 1 1 1 1 3 . 2 . 2 . . . 4 1 1 1 . 1 1 . . . . 3 Gunslinging . | . . . . . . . . . . . . . . . . . . . . . . . . . Exploded 4 | . . . . . 2 . 2 . 2 . . . 4 . . 1 . . . . . . . 1 Melee 1 | . . . . . 1 . 1 . . . . . . 1 1 . . 1 1 . . . . 1 Uniques/NPCs Destroyed . | . . . . . . . . . . . . . . . . . . . . . . . . . Combat | -11 -10 -9 -9 -9 -7 -7 -7 -7 -6 -6 -6 -6 -5 -5 -5 -5 -5 -5 -4 -4 -4 -4 -3 -3 -------- Run | Yrd Mat Mat Sto Rec Fac Low Low Dat Pro Fac Low Zio Pro Fac Ext Cet Arc Hub Fac Upp Upp Zhi Pro Res Hostile Shots Fired 1309 | . 94 77 206 6 338 . 25 . 15 . . . 16 40 54 18 . 111 55 . 24 . 42 188 Missed 457 | . 23 23 59 2 125 . 12 . 5 . . . 9 16 26 8 . 22 10 . 12 . 22 83 Hits 852 | . 71 54 147 4 213 . 13 . 10 . . . 7 24 28 10 . 89 45 . 12 . 20 105 Melee 9 | . . . . . 6 . 1 . . . . . . . . . . . . . . . . 2 Projectile 843 | . 71 54 147 4 207 . 12 . 10 . . . 7 24 28 10 . 89 45 . 12 . 20 103 AOE 1 | . . . . . . . . . . . . . . . . . . . 1 . . . . . Critical Strikes 38 | . 2 . 5 1 4 . . . . . . . 1 1 2 . . 3 8 . . . 2 9 Part Disruptions 1 | . . . . . . . . . . . . . . . . . . . 1 . . . . . Damage Taken 15592 | . 897 628 1565 70 3246 . 318 . 172 . . . 139 997 537 239 598 1903 963 . 224 . 395 2701 Core 2944 | . 190 89 229 13 405 . 68 . . . . . . 68 95 . . 266 44 . 38 . 145 1294 Absorbed by Shields 239 | . . . . . . . . . . . . . . . 139 100 . . . . . . . . Regen/Repaired (Parts) 638 | . . . . . . . . . . . . 638 . . . . . . . . . . . . Core Remaining (%) 58 | 100 24 . . 17 . . . . 32 . . . 100 . . . . 57 . . . . 80 . Volleys Fired 320 | 6 83 59 47 3 77 . 3 . 2 . . . 5 2 . 2 . 5 13 . . 3 . 10 Largest 4 | 2 2 2 2 2 4 . 1 . 2 . . . 1 1 . 2 . 1 2 . . 1 . 1 Hottest 108 | 70 70 74 62 58 108 . 30 . 78 . . . 39 39 . 78 . 90 66 . . 35 . 60 Shots Fired 682 | 12 166 117 77 6 241 . 4 . 4 . . . 5 2 . 4 . 5 26 . . 3 . 10 Gun 522 | 12 166 103 30 3 179 . . . . . . . . . . . . . 26 . . 3 . . Cannon 121 | . . 14 47 3 52 . . . . . . . . . . . . 5 . . . . . . Launcher 39 | . . . . . 10 . 4 . 4 . . . 5 2 . 4 . . . . . . . 10 Special . | . . . . . . . . . . . . . . . . . . . . . . . . . Kinetic 592 | 6 126 117 77 6 231 . . . . . . . . . . . . . 26 . . 3 . . Thermal 51 | 6 40 . . . . . . . . . . . . . . . . 5 . . . . . . Explosive 39 | . . . . . 10 . 4 . 4 . . . 5 2 . 4 . . . . . . . 10 Electromagnetic . | . . . . . . . . . . . . . . . . . . . . . . . . . Robot Hit Streak 16 | 5 16 14 9 6 15 . 3 . 2 . . . 3 . . 3 . 4 11 . . . . 9 Robot Miss Streak 6 | 1 6 5 4 1 5 . . . 1 . . . 1 . . . . 1 2 . . . . . Penetration Max . | . . . . . . . . . . . . . . . . . . . . . . . . . Secondary Targets 3 | . 3 . . . . . . . . . . . . . . . . . . . . . . . Max Gunslinging Chain 1 | . 1 . . . . . . . . . . . . . . . . . . . . . . . Shots Hit Robots 626 | 9 107 75 45 4 178 . 6 . 12 . . . 8 17 42 2 . 55 25 . . . . 41 Core Hits 346 | 4 46 36 20 2 97 . 7 . 12 . . . 19 8 13 14 . 23 8 . . . . 37 Critical Kills 2 | . . 1 . . 1 . . . . . . . . . . . . . . . . . . . Critical Parts Destroyed 5 | . 1 . . . 3 . . . . . . . . . . . . . 1 . . . . . Critical Strikes 48 | . 2 2 . . 9 . . . . . . . . 3 9 . . 16 3 . . . . 4 Burn 1 | . 1 . . . . . . . . . . . . . . . . . . . . . . . Destroy 4 | . 1 1 . . 1 . . . . . . . . . . . . . 1 . . . . . Blast 4 | . . 1 . . 3 . . . . . . . . . . . . . . . . . . . Smash 3 | . . . . . 3 . . . . . . . . . . . . . . . . . . . Sever 30 | . . . . . 2 . . . . . . . . 3 9 . . 16 . . . . . . Impale 6 | . . . . . . . . . . . . . . . . . . . 2 . . . . 4 Melee Attacks 286 | . . 1 3 . 33 1 4 . 13 . . . 7 52 49 . . 65 11 . . . . 47 Impact 19 | . . 1 3 . 14 1 . . . . . . . . . . . . . . . . . . Slashing 210 | . . . . . 19 . 4 . 13 . . . 7 52 49 . . 65 1 . . . . . Piercing 57 | . . . . . . . . . . . . . . . . . . . 10 . . . . 47 Sneak Attacks 34 | . . . 1 . 7 . . . . . . . . . 7 . . 9 2 . . . . 8 Combat Hostiles 3 | . . . . . . . . . . . . . . . . . . 3 . . . . . . Follow-up Attacks 35 | . . . . . . . 1 . 3 . . . 2 1 16 . . 11 1 . . . . . Damage Inflicted 20893 | 81 976 738 1138 92 5086 . 423 . 991 . . . 1219 750 1820 530 . 2564 858 . . . . 3627 Guns 4008 | 81 976 598 368 45 1481 . . . . . . . . . . . . . 459 . . . . . Cannons 1814 | . . 140 694 47 781 . . . . . . . . . . . . 152 . . . . . . Explosions 5692 | . . . . . 1563 . 309 . 395 . . . 877 115 . 530 . . . . . . . 1903 Melee 9351 | . . . 71 . 1254 . 114 . 596 . . . 342 635 1804 . . 2412 399 . . . . 1724 Ramming 28 | . . . 5 . 7 . . . . . . . . . 16 . . . . . . . . . Kinetic 5256 | 32 611 738 1062 92 2262 . . . . . . . . . . . . . 459 . . . . . Thermal 566 | 49 365 . . . . . . . . . . . . . . . . 152 . . . . . . Explosive 5692 | . . . . . 1563 . 309 . 395 . . . 877 115 . 530 . . . . . . . 1903 Electromagnetic . | . . . . . . . . . . . . . . . . . . . . . . . . . Impact 576 | . . . 71 . 505 . . . . . . . . . . . . . . . . . . . Slashing 6652 | . . . . . 749 . 114 . 596 . . . 342 635 1804 . . 2412 . . . . . . Piercing 2123 | . . . . . . . . . . . . . . . . . . . 399 . . . . 1724 Highest Corruption 15 | . 1 . . . 3 3 3 3 4 . . . . 5 10 10 10 15 12 12 12 12 13 8 Average Corruption 7 | . 1 . . . 2 3 3 3 3 . . . . 3 8 10 10 12 6 12 12 12 12 4 Corruption Purged 4 | . . . . . . . . . 4 . . . . . . . . . . . . . . . Corruption Blocked . | . . . . . . . . . . . . . . . . . . . . . . . . . Effects 166 | . 1 . . . 9 5 7 3 4 . . . . 2 47 16 8 21 16 7 5 4 2 9 Message Errors 42 | . . . . . 3 3 1 1 1 . . . . . 12 3 2 3 5 4 1 2 . 1 Matter Fused 37 | . . . . . 2 . 1 1 3 . . . . . 10 3 2 4 4 . 2 . 2 3 Heat Flow Errors 25 | . . . . . 1 1 1 . . . . . . . 7 1 2 6 2 1 1 1 . 1 Energy Discharges 23 | . . . . . 2 . . . . . . . . 1 8 7 . 2 1 1 . . . 1 Parts Rejected 1 | . . . . . . . . . . . . . . . 1 . . . . . . . . . Parts Fused 3 | . . . . . . 1 . . . . . . . . 1 . . 1 . . . . . . Data Loss (minor) 18 | . . . . . 1 . 3 1 . . . . . 1 5 1 2 1 . 1 . 1 . 1 Data Loss (major) 12 | . 1 . . . . . . . . . . . . . 3 1 . 1 3 . 1 . . 2 Misfires 1 | . . . . . . . 1 . . . . . . . . . . . . . . . . . Alerts 3 | . . . . . . . . . . . . . . . . . . 2 1 . . . . . Misdirections 1 | . . . . . . . . . . . . . . . . . . 1 . . . . . . Overload Shots . | . . . . . . . . . . . . . . . . . . . . . . . . . Overflow Damage 1447 | . . 6 77 . 386 . 16 . 126 . . . 27 6 122 . . 247 125 . . . . 309 Projectiles 63 | . . 6 36 . 21 . . . . . . . . . . . . . . . . . . . Explosions 151 | . . . . . 22 . 16 . . . . . 3 . . . . . . . . . . 110 Melee 1233 | . . . 41 . 343 . . . 126 . . . 24 6 122 . . 247 125 . . . . 199 Knockbacks 15 | . . 2 6 . 7 . . . . . . . . . . . . . . . . . . . Impact 2 | . . . 1 . 1 . . . . . . . . . . . . . . . . . . . Kinetic 12 | . . 2 4 . 6 . . . . . . . . . . . . . . . . . . . Secondary 1 | . . . 1 . . . . . . . . . . . . . . . . . . . . . Self-Inflicted Damage 646 | . . . . . 170 . 141 . . . . . . 47 . . . . . . . . . 288 Shots 14 | . . . . . 5 . 4 . . . . . . 1 . . . . . . . . . 4 Rammed . | . . . . . . . . . . . . . . . . . . . . . . . . . Targets Rammed 3 | . . . 1 . 1 . . . . . . . . . 1 . . . . . . . . . Kicked 3 | . . . 1 . 1 . . . . . . . . . 1 . . . . . . . . . Crushed . | . . . . . . . . . . . . . . . . . . . . . . . . . Highest Temperature 407 | 90 291 18 67 12 407 152 128 . 25 . . . 1 8 268 89 190 204 126 98 74 130 . . Average Temperature 80 | 40 90 6 24 9 100 80 65 . 22 . . . 1 8 96 59 95 76 62 59 48 68 . . Received Heat Transfer 3154 | . 489 297 462 18 537 . 60 . 45 . . . 54 60 436 30 . 234 . . 42 . 30 360 Effects 1 | . . . . . 1 . . . . . . . . . . . . . . . . . . . Shutdowns 1 | . . . . . 1 . . . . . . . . . . . . . . . . . . . Siege Activations . | . . . . . . . . . . . . . . . . . . . . . . . . . Martial Activations . | . . . . . . . . . . . . . . . . . . . . . . . . . Shielding Activations . | . . . . . . . . . . . . . . . . . . . . . . . . . Robots Disrupted . | . . . . . . . . . . . . . . . . . . . . . . . . . Combat Hostiles . | . . . . . . . . . . . . . . . . . . . . . . . . . Robots Corrupted 2 | . . . 1 . 1 . . . . . . . . . . . . . . . . . . . Combat Hostiles 1 | . . . . . 1 . . . . . . . . . . . . . . . . . . . Parts Fried 4 | . . . 1 . 3 . . . . . . . . . . . . . . . . . . . Impact Corruptions 8 | . . . 2 . 6 . . . . . . . . . . . . . . . . . . . Robots Melted . | . . . . . . . . . . . . . . . . . . . . . . . . . Combat Hostiles . | . . . . . . . . . . . . . . . . . . . . . . . . . Parts Melted 6 | . 2 . . . 2 . . . . . . . . . 2 . . . . . . . . . Heat Transferred 1295 | 148 1147 . . . . . . . . . . . . . . . . . . . . . . . Parts Sabotaged . | . . . . . . . . . . . . . . . . . . . . . . . . . Parts Stolen . | . . . . . . . . . . . . . . . . . . . . . . . . . Parts Stripped . | . . . . . . . . . . . . . . . . . . . . . . . . . Power Chain Reactions . | . . . . . . . . . . . . . . . . . . . . . . . . . Alert | -11 -10 -9 -9 -9 -7 -7 -7 -7 -6 -6 -6 -6 -5 -5 -5 -5 -5 -5 -4 -4 -4 -4 -3 -3 ------- Run | Yrd Mat Mat Sto Rec Fac Low Low Dat Pro Fac Low Zio Pro Fac Ext Cet Arc Hub Fac Upp Upp Zhi Pro Res Maximum Alert Level 2 | . . . . . 2 . . . . . . . . 1 2 2 . 1 . . . . . 1 Low Security (%) 78 | 100 100 100 100 100 60 . . . . 100 . . . 67 68 . 100 88 100 . . . . 49 Level 1 19 | . . . . . 35 . . . . . . . . 32 22 96 . 11 . . . . . 50 Level 2 1 | . . . . . 3 . . . . . . . . . 8 3 . . . . . . . . Level 3 . | . . . . . . . . . . . . . . . . . . . . . . . . . Level 4 . | . . . . . . . . . . . . . . . . . . . . . . . . . Level 5 . | . . . . . . . . . . . . . . . . . . . . . . . . . High Security . | . . . . . . . . . . . . . . . . . . . . . . . . . Max Security . | . . . . . . . . . . . . . . . . . . . . . . . . . Peak Influence 445 | 5 129 130 154 120 416 . . . . 43 . . . 262 445 400 122 320 76 . . . . 390 Initial 244 | . . 15 44 42 52 . . . . 35 . . . 149 72 244 122 . 76 . . . . 50 Average 123 | . 54 42 78 23 197 . . . . 26 . . . 170 173 342 53 142 12 . . . . 177 Influence Increases 7724 | 10 437 429 612 227 1367 . 90 . 235 38 . . 425 488 1041 436 . 694 143 . 105 . 105 842 Destroy 0b10 Robot/C 3760 | . 300 260 380 160 800 . 80 . 140 20 . . 240 180 480 160 . 340 80 . . . . 140 Destroy 0b10 Robot/NC 320 | 10 25 15 15 . 65 . . . 20 . . . 5 10 20 10 . 45 5 . . . . 75 Destroy Leader 716 | . 62 52 90 . 180 . 10 . 30 10 . . 20 54 44 . . 108 20 . . . . 36 Allied During Kill 1130 | . . . 61 46 82 . . . 45 7 . . 160 38 419 170 . 102 . . . . . . Successful Hack 82 | . 20 5 18 21 . . . . . . . . . 4 . 14 . . . . . . . . Disable Machine 225 | . . 15 45 . 60 . . . . . . . . 75 . . . . 15 . . . . 15 Destroy Structure 526 | . . 7 3 . 55 . . . . 1 . . . 112 18 82 . 24 8 . . . . 216 Advance Influence 50 | . . . . . 50 . . . . . . . . . . . . . . . . . . . Partial Spotted 60 | . . . . . . . . . . . . . . 15 . . . 15 . . . . . 30 Lose Combat Pursuer 855 | . 30 75 . . 75 . . . . . . . . . 60 . . 60 15 . 105 . 105 330 Influence Decreases 7364 | 10 400 360 608 329 982 352 131 . 178 82 5 8 188 576 752 568 306 538 278 21 50 55 30 557 Entered New Map 1060 | . . 22 62 68 6 146 9 . . 22 5 8 . 88 77 194 184 . 80 9 . 55 . 25 Time Decay 4615 | 10 360 318 356 261 574 206 112 . 178 60 . . 178 398 525 254 52 258 131 12 30 . 10 332 Lost Part 977 | . 40 20 70 . 220 . 10 . . . . . 10 40 50 . 50 160 67 . 20 . 20 200 Lost Ally 712 | . . . 120 . 182 . . . . . . . . 50 100 120 20 120 . . . . . . Squads Dispatched 42 | . 2 2 2 . 10 . . . . 1 . . . 5 . . . 11 2 . . . . 7 Investigation 9 | . 1 1 1 . 3 . . . . . . . . . . . . 1 . . . . . 2 Extermination 11 | . . . . . 3 . . . . . . . . 2 . . . 2 1 . . . . 3 Reinforcement 15 | . 1 1 1 . 4 . . . . 1 . . . . . . . 5 1 . . . . 1 Assault . | . . . . . . . . . . . . . . . . . . . . . . . . . Garrison 7 | . . . . . . . . . . . . . . 3 . . . 3 . . . . . 1 Intercept . | . . . . . . . . . . . . . . . . . . . . . . . . . Searches Triggered . | . . . . . . . . . . . . . . . . . . . . . . . . . Data Miner Redirects 1 | . . . . . . . . . . . . . . . . . . . . . . . . 1 Construction Impeded 2 | . . . . . 1 . . . . . . . . . . . . 1 . . . . . . Haulers Reinforced 1 | . . . . . 1 . . . . . . . . . . . . . . . . . . . Active Scanning Responses . | . . . . . . . . . . . . . . . . . . . . . . . . . Cargo Convoy Interrupts 1 | . . . . . 1 . . . . . . . . . . . . . . . . . . . Stealth | -11 -10 -9 -9 -9 -7 -7 -7 -7 -6 -6 -6 -6 -5 -5 -5 -5 -5 -5 -4 -4 -4 -4 -3 -3 --------- Run | Yrd Mat Mat Sto Rec Fac Low Low Dat Pro Fac Low Zio Pro Fac Ext Cet Arc Hub Fac Upp Upp Zhi Pro Res Distress Signals 23 | . 2 1 4 . 5 . . . . . . . . 2 . 2 1 3 . . . . 1 2 Communications Jammed 16 | . . . . . . . . . . . . . . . . . . 11 1 . . . . 4 Distress Signals 15 | . . . . . . . . . . . . . . . . . . 11 . . . . . 4 Times Spotted 333 | . 30 22 23 8 72 . 4 . 6 . . . 11 14 23 10 . 27 8 . 9 . 14 52 Peak Tracking Total 11 | . 7 5 10 4 9 . 3 . 4 . . . 5 4 4 5 . 6 2 . 6 . 11 8 Tactical Retreats 33 | . 1 4 . . 4 . . . . . . . . . 4 . . 4 1 . 3 . 1 11 Traps | -11 -10 -9 -9 -9 -7 -7 -7 -7 -6 -6 -6 -6 -5 -5 -5 -5 -5 -5 -4 -4 -4 -4 -3 -3 ------- Run | Yrd Mat Mat Sto Rec Fac Low Low Dat Pro Fac Low Zio Pro Fac Ext Cet Arc Hub Fac Upp Upp Zhi Pro Res Traps Triggered 10 | . 1 . . . 3 . . . . . . . . 2 1 . . 3 . . . . . . Indirectly . | . . . . . . . . . . . . . . . . . . . . . . . . . Trap Hack Attempts . | . . . . . . . . . . . . . . . . . . . . . . . . . Triggered . | . . . . . . . . . . . . . . . . . . . . . . . . . Disarmed 5 | . 5 . . . . . . . . . . . . . . . . . . . . . . . Reprogrammed . | . . . . . . . . . . . . . . . . . . . . . . . . . Reused . | . . . . . . . . . . . . . . . . . . . . . . . . . Traps Extracted . | . . . . . . . . . . . . . . . . . . . . . . . . . Installed . | . . . . . . . . . . . . . . . . . . . . . . . . . Triggered . | . . . . . . . . . . . . . . . . . . . . . . . . . Machines | -11 -10 -9 -9 -9 -7 -7 -7 -7 -6 -6 -6 -6 -5 -5 -5 -5 -5 -5 -4 -4 -4 -4 -3 -3 ---------- Run | Yrd Mat Mat Sto Rec Fac Low Low Dat Pro Fac Low Zio Pro Fac Ext Cet Arc Hub Fac Upp Upp Zhi Pro Res Machines Disabled 16 | . . 1 3 . 4 . . . . . . . . 5 . . . . 1 . . 1 . 1 Max in Single Turn 1 | . . 1 1 . 1 . . . . . . . . 1 . . . . 1 . . 1 . 1 Garrison Access 1 | . . . . . . . . . . . . . . 1 . . . . . . . . . . Machines Repaired . | . . . . . . . . . . . . . . . . . . . . . . . . . Machines Dismantled . | . . . . . . . . . . . . . . . . . . . . . . . . . Machines Sabotaged . | . . . . . . . . . . . . . . . . . . . . . . . . . Overloaded Fab Kills . | . . . . . . . . . . . . . . . . . . . . . . . . . Hacking | -11 -10 -9 -9 -9 -7 -7 -7 -7 -6 -6 -6 -6 -5 -5 -5 -5 -5 -5 -4 -4 -4 -4 -3 -3 --------- Run | Yrd Mat Mat Sto Rec Fac Low Low Dat Pro Fac Low Zio Pro Fac Ext Cet Arc Hub Fac Upp Upp Zhi Pro Res Machines Accessed 54 | . 6 1 6 6 10 1 . 4 . . . 1 . 2 . 3 . . 2 . . 6 . 6 Terminals 27 | . 4 1 6 5 6 . . . . . . . . 1 . 3 . . . . . . . 1 Fabricators 3 | . . . . . 1 . . . . . . . . . . . . . . . . . . 2 Repair Stations 2 | . . . . . . . . . . . . . . . . . . . 1 . . . . 1 Recycling Units 3 | . 2 . . 1 . . . . . . . . . . . . . . . . . . . . Scanalyzers 4 | . . . . . 2 . . . . . . . . . . . . . . . . . . 2 Garrison Access 3 | . . . . . 1 . . . . . . . . 1 . . . . 1 . . . . . Total Hacks 160 | . 18 5 16 15 21 1 . 32 . . . 4 . 4 . 8 . . 3 . . 19 . 14 Successful 94 | . 9 2 8 7 3 1 . 32 . . . 4 . 2 . 3 . . 1 . . 19 . 3 Failed 64 | . 9 3 8 8 17 . . . . . . . . 2 . 5 . . 2 . . . . 10 Catastrophic 18 | . 3 . 1 5 4 . . . . . . . . . . 2 . . 1 . . . . 2 Database Lockouts 2 | . . . . . 1 . . . . . . . . . . . . . . . . . . 1 Manual 64 | . 6 . 5 5 6 . . . . . . 2 . 5 7 1 . 13 3 . . . . 11 Terminals 68 | . 11 5 16 14 11 . . . . . . . . 2 . 8 . . . . . . . 1 Fabricators 6 | . . . . . 2 . . . . . . . . . . . . . . . . . . 4 Repair Stations 3 | . . . . . . . . . . . . . . . . . . . 2 . . . . 1 Recycling Units 8 | . 7 . . 1 . . . . . . . . . . . . . . . . . . . . Scanalyzers 15 | . . . . . 7 . . . . . . . . . . . . . . . . . . 8 Garrison Access 4 | . . . . . 1 . . . . . . . . 2 . . . . 1 . . . . . Terminal Hacks 83 | . 5 2 8 6 1 1 . 32 . . . 4 . 1 . 3 . . . . . 19 . 1 Record 21 | . . . . . . . . 11 . . . . . . . 3 . . . . . 7 . . Part Schematic 19 | . . . . . . . . 11 . . . 4 . . . . . . . . . 4 . . Robot Schematic 7 | . . . . . . . . 7 . . . . . . . . . . . . . . . . Robot Analysis 7 | . . . 1 2 . . . . . . . . . . . . . . . . . 4 . . Prototype ID Bank 11 | . 2 1 . 1 . . . 3 . . . . . . . . . . . . . 4 . . Open Door 5 | . . . 3 . . 1 . . . . . . . 1 . . . . . . . . . . Open DSF 2 | . . . . . 1 . . . . . . . . . . . . . . . . . . 1 Emergency Access Points 1 | . . . . 1 . . . . . . . . . . . . . . . . . . . . Alert Level 1 | . . . 1 . . . . . . . . . . . . . . . . . . . . . Unreport Threat 1 | . . . . 1 . . . . . . . . . . . . . . . . . . . . Locate Traps 2 | . 1 . 1 . . . . . . . . . . . . . . . . . . . . . Disarm Traps 1 | . 1 . . . . . . . . . . . . . . . . . . . . . . . Security Status 1 | . . . 1 . . . . . . . . . . . . . . . . . . . . . Surveillance Status 1 | . . . 1 . . . . . . . . . . . . . . . . . . . . . Reinforcement Status 1 | . . 1 . . . . . . . . . . . . . . . . . . . . . . Zone Layout 2 | . 1 . . 1 . . . . . . . . . . . . . . . . . . . . Fabricator Hacks . | . . . . . . . . . . . . . . . . . . . . . . . . . Repair Station Hacks 1 | . . . . . . . . . . . . . . . . . . . 1 . . . . . Scan Component 1 | . . . . . . . . . . . . . . . . . . . 1 . . . . . Recycling Unit Hacks 3 | . 2 . . 1 . . . . . . . . . . . . . . . . . . . . Report Inventory 3 | . 2 . . 1 . . . . . . . . . . . . . . . . . . . . Scanalyzer 4 | . . . . . 2 . . . . . . . . . . . . . . . . . . 2 Retrieve Study 4 | . . . . . 2 . . . . . . . . . . . . . . . . . . 2 Garrison Access Hacks 1 | . . . . . . . . . . . . . . 1 . . . . . . . . . . Seal Access 1 | . . . . . . . . . . . . . . 1 . . . . . . . . . . Unauthorized Hacks 2 | . 2 . . . . . . . . . . . . . . . . . . . . . . . Terminals . | . . . . . . . . . . . . . . . . . . . . . . . . . Fabricators . | . . . . . . . . . . . . . . . . . . . . . . . . . Repair Stations . | . . . . . . . . . . . . . . . . . . . . . . . . . Recycling Units 2 | . 2 . . . . . . . . . . . . . . . . . . . . . . . Monitor 1 | . 1 . . . . . . . . . . . . . . . . . . . . . . . Mask 1 | . 1 . . . . . . . . . . . . . . . . . . . . . . . Scanalyzers . | . . . . . . . . . . . . . . . . . . . . . . . . . Garrison Access . | . . . . . . . . . . . . . . . . . . . . . . . . . Data Cores Recovered 1 | . 1 . . . . . . . . . . . . . . . . . . . . . . . Used . | . . . . . . . . . . . . . . . . . . . . . . . . . Hacking Detections 34 | . 5 1 4 5 8 . . . . . . . . 1 . 4 . . 2 . . . . 4 Full Trace Events 9 | . 2 1 1 1 3 . . . . . . . . . . . . . . . . . . 1 Feedback Events 1 | . 1 . . . . . . . . . . . . . . . . . . . . . . . Corruption 1 | . 1 . . . . . . . . . . . . . . . . . . . . . . . Feedback Blocked . | . . . . . . . . . . . . . . . . . . . . . . . . . Robot Schematics Acquired 12 | . . . . . . . . 7 . . . . . . . . . 5 . . . . . . Robots Built . | . . . . . . . . . . . . . . . . . . . . . . . . . Authchips . | . . . . . . . . . . . . . . . . . . . . . . . . . Time . | . . . . . . . . . . . . . . . . . . . . . . . . . Total Robot Build Rating . | . . . . . . . . . . . . . . . . . . . . . . . . . Part Schematics Acquired 19 | . . . . . . . . 11 . . . 4 . . . . . . . . . 4 . . Parts Built . | . . . . . . . . . . . . . . . . . . . . . . . . . Authchips . | . . . . . . . . . . . . . . . . . . . . . . . . . Time . | . . . . . . . . . . . . . . . . . . . . . . . . . Total Part Build Rating . | . . . . . . . . . . . . . . . . . . . . . . . . . Part Studies Acquired 4 | . . . . . 2 . . . . . . . . . . . . . . . . . . 2 Parts Repaired . | . . . . . . . . . . . . . . . . . . . . . . . . . Time . | . . . . . . . . . . . . . . . . . . . . . . . . . Parts Recycled . | . . . . . . . . . . . . . . . . . . . . . . . . . Recycled Matter . | . . . . . . . . . . . . . . . . . . . . . . . . . Retrieved Matter . | . . . . . . . . . . . . . . . . . . . . . . . . . Retrieved Components . | . . . . . . . . . . . . . . . . . . . . . . . . . Parts Scanalyzed . | . . . . . . . . . . . . . . . . . . . . . . . . . Part Schematics Acquired . | . . . . . . . . . . . . . . . . . . . . . . . . . Parts Damaged . | . . . . . . . . . . . . . . . . . . . . . . . . . Bothacking | -11 -10 -9 -9 -9 -7 -7 -7 -7 -6 -6 -6 -6 -5 -5 -5 -5 -5 -5 -4 -4 -4 -4 -3 -3 ------------ Run | Yrd Mat Mat Sto Rec Fac Low Low Dat Pro Fac Low Zio Pro Fac Ext Cet Arc Hub Fac Upp Upp Zhi Pro Res Used RIF Installer . | . . . . . . . . . . . . . . . . . . . . . . . . . Robots Hacked . | . . . . . . . . . . . . . . . . . . . . . . . . . Non-combat . | . . . . . . . . . . . . . . . . . . . . . . . . . Combat . | . . . . . . . . . . . . . . . . . . . . . . . . . Robot Hacks Applied . | . . . . . . . . . . . . . . . . . . . . . . . . . Relay Couplers Released 7 | . . . . . 4 . . . . . . . . . . . . 3 . . . . . . Programmers 7 | . . . . . 4 . . . . . . . . . . . . 3 . . . . . . Fabnet Peak Effective % . | . . . . . . . . . . . . . . . . . . . . . . . . . Robots Rewired 29 | . . . . 8 . . . . . . . . . . 21 . . . . . . . . . Allies Hacked . | . . . . . . . . . . . . . . . . . . . . . . . . . Hacks Repelled . | . . . . . . . . . . . . . . . . . . . . . . . . . Allies | -11 -10 -9 -9 -9 -7 -7 -7 -7 -6 -6 -6 -6 -5 -5 -5 -5 -5 -5 -4 -4 -4 -4 -3 -3 -------- Run | Yrd Mat Mat Sto Rec Fac Low Low Dat Pro Fac Low Zio Pro Fac Ext Cet Arc Hub Fac Upp Upp Zhi Pro Res Total Allies 66 | . . . 10 8 . . . . 1 . . 4 . . 32 5 . 6 . . . . . . Largest Group 25 | . . . 10 13 13 . . . 1 1 1 5 5 4 25 23 20 6 . . . . . . Highest-Rated Group 1237 | . . . 88 124 124 . . . 96 96 96 253 253 214 962 1237 1089 420 . . . . . . Highest-Rated Ally 159 | . . . 16 18 18 . . . 96 96 96 96 96 96 159 159 152 70 . . . . . . Zionite Dispatches 6 | . . . . . . . . . . . . . . 2 2 . . 2 . . . . . . Heavy 1 | . . . . . . . . . . . . . . . 1 . . . . . . . . . Light 2 | . . . . . . . . . . . . . . . . . . 2 . . . . . . Recon 2 | . . . . . . . . . . . . . . 2 . . . . . . . . . . Hacker 1 | . . . . . . . . . . . . . . . 1 . . . . . . . . . Total Orders 3 | . . . 1 . . . . . . . . . . 1 1 . . . . . . . . . EXPLORE 3 | . . . 1 . . . . . . . . . . 1 1 . . . . . . . . . Ally Attacks 443 | . . . 20 35 80 . . . 14 4 . . 19 21 118 65 . 67 . . . . . . Total Damage 10742 | . . . 173 352 947 . . . 554 100 . . 446 1312 3166 2319 . 1373 . . . . . . Kills 74 | . . . 4 6 8 . . . 4 1 . . 4 9 19 9 . 10 . . . . . . Allies Corrupted 4 | . . . . . 1 . . . . . . . . 1 2 . . . . . . . . . Allies Melted . | . . . . . . . . . . . . . . . . . . . . . . . . . Intel | -11 -10 -9 -9 -9 -7 -7 -7 -7 -6 -6 -6 -6 -5 -5 -5 -5 -5 -5 -4 -4 -4 -4 -3 -3 ------- Run | Yrd Mat Mat Sto Rec Fac Low Low Dat Pro Fac Low Zio Pro Fac Ext Cet Arc Hub Fac Upp Upp Zhi Pro Res Active Infowar (turns) 15376 | 43 994 906 830 1501 1351 437 383 106 1254 128 3 1439 416 953 1612 557 188 608 559 186 98 107 51 666 Optics 6049 | . . . . . . . . . . 98 3 1439 416 953 1612 557 188 236 . . . . 27 520 Sensors 7509 | . . 287 . . 972 437 383 106 1254 126 3 1036 411 929 1018 . . . 131 186 98 107 24 1 Terrain 993 | 43 397 183 . . . . . . . . . . . . . . . . . . . . . 370 Seismic 561 | . . . . . . . . . . . . . . . . . . . 338 186 37 . . . Machine Analysis 4902 | . 597 906 830 1501 1068 . . . . . . . . . . . . . . . . . . . Jamming 2163 | . . . . . 283 27 . . . . . 403 . 1 193 . . 378 455 186 1 . . 236 Robot Analysis Total 7 | . . . 1 2 . . . . . . . . . . . . . . . . . 4 . . Derelict Logs Recovered 8 | . . . . . . 2 2 . 1 . . 2 1 . . . . . . . . . . . Drone Launches 19 | . . . 14 . . . . . . . . . . 4 1 . . . . . . . . . Drone Recoveries 2 | . . . . . . . . . . . . . . 1 1 . . . . . . . . . Zionite Intel Received 4 | . . . . . . . . . . . . . . . . . . 2 . . . . . 2 Emergency Access 1 | . . . . . . . . . . . . . . . . . . 1 . . . . . . Component Stockpiles 1 | . . . . . . . . . . . . . . . . . . . . . . . . 1 Prototype Stockpiles 1 | . . . . . . . . . . . . . . . . . . . . . . . . 1 Unaware Schematics 1 | . . . . . . . . . . . . . . . . . . 1 . . . . . . Exploration | -11 -10 -9 -9 -9 -7 -7 -7 -7 -6 -6 -6 -6 -5 -5 -5 -5 -5 -5 -4 -4 -4 -4 -3 -3 ------------- Run | Yrd Mat Mat Sto Rec Fac Low Low Dat Pro Fac Low Zio Pro Fac Ext Cet Arc Hub Fac Upp Upp Zhi Pro Res Turns Passed 16076 | 121 997 906 830 1501 1748 437 383 106 1359 128 3 1439 416 953 1612 557 188 608 559 186 98 107 60 774 Spaces Moved 10226 | 57 424 337 230 542 865 352 292 89 681 90 3 1066 243 523 878 262 100 298 204 524 281 178 163 1544 Core 112 | 4 . . . . . . . . . . . . . . . . . . . . . . . 108 Treads 1385 | 53 221 . . 506 605 . . . . . . . . . . . . . . . . . . . Legs 5686 | . . 159 230 36 218 352 292 89 681 90 3 1066 243 523 878 262 100 298 166 . . . . . Wheels 423 | . 203 178 . . 42 . . . . . . . . . . . . . . . . . . . Hover 125 | . . . . . . . . . . . . . . . . . . . . . . . . 125 Flight 2495 | . . . . . . . . . . . . . . . . . . . 38 524 281 178 163 1311 Fastest Speed 26 | 50 105 130 190 240 110 120 120 120 120 120 122 122 122 122 122 122 122 120 34 34 34 34 34 26 Average Speed 123 | 152 172 195 254 241 152 120 120 120 175 129 122 122 122 145 122 133 147 139 208 34 34 34 34 34 Slowest Speed 400 | 160 240 260 260 320 330 120 190 120 190 190 122 122 122 186 187 187 195 192 400 34 34 44 34 120 Overloaded Moves . | . . . . . . . . . . . . . . . . . . . . . . . . . Propulsion Burnouts . | . . . . . . . . . . . . . . . . . . . . . . . . . Robots Hopped 28 | . . . . . . . . . . . . . . . . . . . . . 1 . 5 22 Potential Cave-ins . | . . . . . . . . . . . . . . . . . . . . . . . . . Cave-ins Triggered 1 | . . . . . . . . . . . . . . 1 . . . . . . . . . . Teleports 1 | . . . . . . . . . . . . . . . . . . . . . . . . 1 Exploration Rate (%) 49 | 6 75 27 53 93 22 54 48 75 66 2 1 91 51 14 90 71 93 38 7 71 55 62 36 47 Regions Visited 24 Branch Regions 17 Pre-discovered Areas 5 | . . . . . . . . 1 . . . 1 . . . . . . . . . 3 . . Known Exits Taken 17 | . . 1 1 1 . 1 1 1 1 1 . 1 1 1 . . . 1 1 1 1 1 1 . Unknown Exits Taken 7 | 1 1 . . . 1 . . . . . 1 . . . 1 1 1 . . . . . . . Scrap Searched 11 | . . . . . . 1 1 . 2 . . 3 1 . . . . . . 1 . . 2 . Spaces Dug 40 | . . . . . 6 1 . . . . . . . 21 1 . . 1 . . . . . 10 Terrain Destroyed 442 | . . 6 3 . 54 1 43 . 18 . . . 47 41 1 57 . 2 6 . . 1 . 162 Melee 38 | . . . . . 6 1 . . . . . . . 19 1 . . 1 . . . . . 10 Projectile 22 | . . 6 3 . 5 . . . . . . . . . . . . 1 6 . . 1 . . AOE 382 | . . . . . 43 . 43 . 18 . . . 47 22 . 57 . . . . . . . 152 Terrain Rammed . | . . . . . . . . . . . . . . . . . . . . . . . . . Walls Destroyed . | . . . . . . . . . . . . . . . . . . . . . . . . . Machines Disabled . | . . . . . . . . . . . . . . . . . . . . . . . . . Actions | -11 -10 -9 -9 -9 -7 -7 -7 -7 -6 -6 -6 -6 -5 -5 -5 -5 -5 -5 -4 -4 -4 -4 -3 -3 --------- Run | Yrd Mat Mat Sto Rec Fac Low Low Dat Pro Fac Low Zio Pro Fac Ext Cet Arc Hub Fac Upp Upp Zhi Pro Res Total 12836 | 78 547 496 403 731 1124 364 316 88 824 102 2 1204 350 654 1362 463 138 405 301 532 281 223 160 1688 Wait 1160 | . 18 42 98 37 40 . 14 . 118 . . 133 83 44 219 192 32 17 31 7 . 24 . 11 Move 10150 | 56 423 336 229 541 865 351 291 88 680 89 2 1065 242 522 877 261 99 297 203 523 278 177 153 1502 Hop 25 | . . . . . . . . . . . . . . . . . . . . . 1 . 4 20 Pick Up 130 | 9 12 18 1 1 31 3 . . 2 2 . 2 3 7 4 . . 12 2 1 1 5 . 14 Fast Attach 97 | 6 2 4 4 2 10 4 1 . 3 1 . . . 5 4 . 6 11 3 . . 3 2 26 Attach 106 | 1 4 4 6 . 24 1 1 . . 3 . . 1 4 5 . . 13 14 . 1 3 . 21 Detach 41 | . 2 . 1 2 6 1 1 . . 1 . . . 3 1 . 1 . 9 . . 1 . 12 Swap 79 | . 2 11 4 . 18 1 3 . 5 3 . 2 6 7 6 6 . 2 2 . . . 1 . Drop 118 | . 1 21 2 1 21 2 . . 4 3 . 2 3 10 3 2 . . 10 1 . 7 . 25 Fire 320 | 6 83 59 47 3 77 . 3 . 2 . . . 5 2 . 2 . 5 13 . . 3 . 10 Melee 227 | . . 1 3 . 32 1 2 . 10 . . . 4 39 30 . . 48 10 . . . . 47 Ram . | . . . . . . . . . . . . . . . . . . . . . . . . . Kick 2 | . . . 1 . . . . . . . . . . . 1 . . . . . . . . . Crush . | . . . . . . . . . . . . . . . . . . . . . . . . . Escape Stasis 12 | . . . . . . . . . . . . . . 10 2 . . . . . . . . . Rewire 361 | . . . . 144 . . . . . . . . 3 . 210 . . . 4 . . . . . Trap . | . . . . . . . . . . . . . . . . . . . . . . . . . Miscellaneous 8 | . . . 7 . . . . . . . . . . 1 . . . . . . . . . . Route ------- -11/Scrapyard -10/Materials (discovered 3 exits: *Mat / [*Min] / [*Sub]) -9/Materials (discovered 2 exits: *Mat / *Sto) -9/Storage -9/Recycling -7/Factory -7/Lower Caves -7/Lower Caves -7/Data Miner -6/Proximity Caves -6/Factory -6/Lower Caves (discovered 2 exits: Low / *Zio) -6/Zion -5/Proximity Caves -5/Factory (discovered 2 exits: *Fac / *Ext) -5/Extension (discovered 3 exits: *Fac x2 / *Cet) -5/Cetus (discovered 2 exits: *Fac / *Arc) -5/Archives (discovered 3 exits: *Fac / *Hub x2) -5/Hub_04(d) (discovered 3 exits: *Fac x3) -4/Factory -4/Upper Caves -4/Upper Caves -4/Zhirov -3/Proximity Caves -3/Research History --------- Turn | Location | Event 10 | -11/Scrapyard | Discovered new exit (range 15) 122 | -11/Scrapyard | Entered Materials 301 | -10/Materials | Build established: Mutant 528 | -10/Materials | Discovered new exit (range 8) 720 | -10/Materials | Discovered new exit (range 7) 827 | -10/Materials | Lost 3 parts (1p2n) 862 | -10/Materials | Core integrity fell below 50% 1074 | -10/Materials | Discovered new exit (range 5) 1119 | -10/Materials | Entered another Materials area 1119 | -9/Materials | Evolved 2 slots: Utility x2 1810 | -9/Materials | Discovered new exit (range 10) 1831 | -9/Materials | Identified exit to Materials 1898 | -9/Materials | Discovered new exit (range 12) 1985 | -9/Materials | Identified exit to Storage 2025 | -9/Materials | Entered Storage 2241 | -9/Storage | Core integrity fell below 50% 2284 | -9/Storage | Lost 8 parts (1p2n2u3w) 2476 | -9/Storage | Assisted by bots powering up and referring to "LRC-V3" 2517 | -9/Storage | Lost 7 allies 2576 | -9/Storage | Used back door to open Recycling access 2576 | -9/Storage | Discovered new exit (range 5) 2584 | -9/Storage | Identified exit to Recycling 2773 | -9/Storage | Build established: Commander-Mutant 2855 | -9/Storage | Entered Recycling 2855 | -9/Recycling | Accompanied by 12 allies 3083 | -9/Recycling | Discovered new exit (range 15) 3092 | -9/Recycling | Core integrity fell below 20% 3167 | -9/Recycling | Identified exit to Factory 3770 | -9/Recycling | Lost 3 allies 4356 | -9/Recycling | Entered Factory 4356 | -7/Factory | Accompanied by 13 allies 4356 | -7/Factory | Evolved 4 slots: Propulsion x2, Weapon x2 4524 | -7/Factory | Lost 6 allies 4651 | -7/Factory | Build established: Commander-Skirmisher 4666 | -7/Factory | Central database locked down 4992 | -7/Factory | Lost 4 allies 5005 | -7/Factory | Noticed a derelict Sapper rigging charges 5291 | -7/Factory | Lost 3 parts (3n) 5349 | -7/Factory | Build established: Tank 5441 | -7/Factory | Cargo convoy interrupted 5485 | -7/Factory | Lost 5 parts (2n1u2w) 5489 | -7/Factory | Destroyed 8 combat bots 5660 | -7/Factory | Lost 6 parts (2p1n3w) 6008 | -7/Factory | Build established: Scavenger-Mutant 6038 | -7/Factory | Core integrity fell below 50% 6071 | -7/Factory | Discovered new exit (range 14) 6104 | -7/Factory | Entered Lower Caves 6263 | -7/Lower Caves | Learned 4 Factory zone layouts 6351 | -7/Lower Caves | Learned Factory terminal intel 6517 | -7/Lower Caves | Discovered new exit (range 11) 6529 | -7/Lower Caves | Identified exit to Lower Caves 6541 | -7/Lower Caves | Entered another Lower Caves area 6630 | -7/Lower Caves | Learned 12 Factory zone layouts 6633 | -7/Lower Caves | Attracted the attention of an 0b10 checkpoint 6788 | -7/Lower Caves | Identified exit to Data Miner 6924 | -7/Lower Caves | Entered Data Miner 6924 | -7/Data Miner | Discovered new exit (range 6) 6933 | -7/Data Miner | Identified exit to Proximity Caves 6948 | -7/Data Miner | Met Data Miner 6983 | -7/Data Miner | Learned location of Section 7 (-2) 6983 | -7/Data Miner | Acquired the access code to Warlord's prototype stash 7002 | -7/Data Miner | Received God Mode back door access code from Data Miner 7030 | -7/Data Miner | Entered Proximity Caves 7053 | -6/Proximity Caves | Escorted by Enhanced Grunt 7634 | -6/Proximity Caves | Attracted the attention of an 0b10 checkpoint 8054 | -6/Proximity Caves | Build established: Derelict-Mutant 8085 | -6/Proximity Caves | Learned location of 1 exit from Lower Caves 8310 | -6/Proximity Caves | Discovered new exit (range 15) 8332 | -6/Proximity Caves | Identified exit to Factory 8389 | -6/Proximity Caves | Entered Factory 8389 | -6/Factory | Accompanied by 1 ally 8389 | -6/Factory | Evolved 2 slots: Utility x2 8390 | -6/Factory | Identified exit to Lower Caves 8391 | -6/Factory | Loaded intel: 26 terminal locations 8517 | -6/Factory | Entered Lower Caves 8517 | -6/Lower Caves | Accompanied by 1 ally 8518 | -6/Lower Caves | A Derelict revealed a hidden shortcut to a safe place 8518 | -6/Lower Caves | Identified exit to Lower Caves 8520 | -6/Lower Caves | Entered Zion 8520 | -6/Zion | Accompanied by 1 ally 8698 | -6/Zion | Build established: Derelict-Gladiator 8937 | -6/Zion | Given the Hacking Drone Bay 8982 | -6/Zion | Learned Factory security intel 9059 | -6/Zion | Visited the Megawrench Repair Shop 9063 | -6/Zion | Megawrench repaired 11 parts 9220 | -6/Zion | Learned location of 1 exit from Factory 9532 | -6/Zion | Met Imprinter 9552 | -6/Zion | Imprinted 9554 | -6/Zion | Declared Zion's savior 9917 | -6/Zion | Discovered new exit (range 17) 9936 | -6/Zion | Identified exit to Proximity Caves 9959 | -6/Zion | Entered Proximity Caves 9959 | -5/Proximity Caves | Accompanied by 5 allies 9967 | -5/Proximity Caves | Identified exit to Factory 10070 | -5/Proximity Caves | Attracted the attention of an 0b10 checkpoint 10375 | -5/Proximity Caves | Entered Factory 10375 | -5/Factory | Accompanied by 4 allies 10375 | -5/Factory | Evolved 2 slots: Utility x2 10376 | -5/Factory | Identified exit to Extension 10552 | -5/Factory | Zion Recon squad teleported in 10661 | -5/Factory | Zion Recon squad teleported in 10700 | -5/Factory | Lost 4 allies 10779 | -5/Factory | Garrison activated, responded to threat 10858 | -5/Factory | Discovered new exit (range 5) 10865 | -5/Factory | Identified exit to Factory 11309 | -5/Factory | Crushed by falling debris 11328 | -5/Factory | Entered Extension 11428 | -5/Extension | Lost 4 parts (1n2u1w) 11438 | -5/Extension | Rescued a captive Derelict 11439 | -5/Extension | Rescued a captive Derelict 11558 | -5/Extension | Rescued A7 11891 | -5/Extension | System corruption reached 10% 11894 | -5/Extension | Zion Heavy squad teleported in 11898 | -5/Extension | Rescued a captive Derelict 11929 | -5/Extension | Build established: Commander-Gladiator 12322 | -5/Extension | Spotted B-75 Beast 12333 | -5/Extension | Spotted B-75 Beast 12335 | -5/Extension | Allies destroyed B-75 Beast 12353 | -5/Extension | Allies destroyed B-75 Beast 12372 | -5/Extension | Discovered exit to Factory (range 3) 12426 | -5/Extension | Rescued a captive Derelict 12426 | -5/Extension | Rescued a captive Derelict 12471 | -5/Extension | Zion Hacker squad teleported in 12784 | -5/Extension | Discovered exit to Factory (range 10) 12786 | -5/Extension | Discovered new exit (range 6) 12825 | -5/Extension | Terminal network hard line cut 12940 | -5/Extension | Entered Cetus 12940 | -5/Cetus | Accompanied by 22 allies (A7) 12945 | -5/Cetus | Acquired a Cetus Manufacturing Module code from A7 12961 | -5/Cetus | Spotted Cetus Guard 12961 | -5/Cetus | Spotted Cetus Guard 12964 | -5/Cetus | Spotted Cetus Guard 12964 | -5/Cetus | Spotted Cetus Guard 12967 | -5/Cetus | Destroyed Cetus Guard 12972 | -5/Cetus | Allies destroyed Cetus Guard 12977 | -5/Cetus | Allies destroyed Cetus Guard 12987 | -5/Cetus | Allies destroyed Cetus Guard 13014 | -5/Cetus | Lost 4 allies 13057 | -5/Cetus | Started Cetus Manufacturing Module 13082 | -5/Cetus | Manufactured an Enhanced Grunt 13107 | -5/Cetus | Manufactured an Enhanced Grunt 13132 | -5/Cetus | Manufactured an Enhanced Grunt 13157 | -5/Cetus | Manufactured an Enhanced Grunt 13182 | -5/Cetus | Manufactured an Enhanced Grunt 13204 | -5/Cetus | Discovered new exit (range 17) 13230 | -5/Cetus | Spotted Cetus Guard 13230 | -5/Cetus | Spotted Cetus Guard 13246 | -5/Cetus | Spotted Cetus Guard 13247 | -5/Cetus | Spotted Cetus Guard 13250 | -5/Cetus | Allies destroyed Cetus Guard 13251 | -5/Cetus | Allies destroyed Cetus Guard 13254 | -5/Cetus | Allies destroyed Cetus Guard 13258 | -5/Cetus | Allies destroyed Cetus Guard 13260 | -5/Cetus | Discovered exit to Factory (range 18) 13270 | -5/Cetus | Scared off Revision 17 13284 | -5/Cetus | Lost 3 allies 13497 | -5/Cetus | Entered Archives 13497 | -5/Archives | Accompanied by 20 allies (A7) 13524 | -5/Archives | Met Zhirov 13530 | -5/Archives | Reinforcements dispatched to Archives 13533 | -5/Archives | Unable to access archive contents 13537 | -5/Archives | Discovered new exit (range 15) 13575 | -5/Archives | Reinforcements dispatched to Archives 13595 | -5/Archives | Zhirov detonated Archives 13626 | -5/Archives | Lost 5 parts (2n3u) 13626 | -5/Archives | Lost 19 allies 13644 | -5/Archives | Discovered new exit (range 18) 13650 | -5/Archives | Discovered exit to Factory (range 18) 13685 | -5/Archives | Entered Hub_04(d) 13713 | -5/Hub_04(d) | Zion Light squad teleported in 13739 | -5/Hub_04(d) | Zion Light squad teleported in 13776 | -5/Hub_04(d) | Discovered exit to Factory (range 14) 13792 | -5/Hub_04(d) | Garrison activated, responded to threat 13850 | -5/Hub_04(d) | Lost 6 allies 13862 | -5/Hub_04(d) | Retrieved Zion intel report: Emergency Access 13892 | -5/Hub_04(d) | Build established: Scavenger-Gladiator 13963 | -5/Hub_04(d) | Lost 5 parts (1p2n1u1w) 14172 | -5/Hub_04(d) | Lost 8 parts (2p3n2u1w) 14258 | -5/Hub_04(d) | Discovered exit to Factory (range 15) 14264 | -5/Hub_04(d) | Retrieved Zion intel report: Unaware Schematics 14268 | -5/Hub_04(d) | Spotted B-75 Beast 14270 | -5/Hub_04(d) | Discovered exit to Factory (range 8) 14293 | -5/Hub_04(d) | Entered Factory 14293 | -4/Factory | Evolved 2 slots: Power x1, Propulsion x1 14377 | -4/Factory | Lost 6 parts (2n2u2w) 14797 | -4/Factory | System corruption reached 10% 14832 | -4/Factory | Discovered new exit (range 14) 14836 | -4/Factory | Lost 3 parts (2n1w) 14852 | -4/Factory | Identified exit to Upper Caves 14852 | -4/Factory | Entered Upper Caves 15031 | -4/Upper Caves | Discovered new exit (range 4) 15032 | -4/Upper Caves | Identified exit to Upper Caves 15038 | -4/Upper Caves | Entered another Upper Caves area 15100 | -4/Upper Caves | Build established: Scavenger-Mutant 15133 | -4/Upper Caves | Discovered new exit (range 8) 15135 | -4/Upper Caves | Identified exit to Zhirov 15136 | -4/Upper Caves | Entered Zhirov 15136 | -4/Zhirov | Discovered new exit (range 3) 15149 | -4/Zhirov | Learned location of Quarantine (-2) 15149 | -4/Zhirov | Learned location of Testing (-3) 15149 | -4/Zhirov | Learned location of Command (-1) 15163 | -4/Zhirov | Found Alien Artifact 15181 | -4/Zhirov | Identified Integrated Dissipator 15181 | -4/Zhirov | Installed Integrated Dissipator, increased core heat dissipation (+20) 15190 | -4/Zhirov | Found Alien Artifact 15207 | -4/Zhirov | Identified exit to Proximity Caves 15213 | -4/Zhirov | Cloak Generator disabled 15224 | -4/Zhirov | Enhanced Grunts warped into view 15243 | -4/Zhirov | Entered Proximity Caves 15268 | -3/Proximity Caves | Attracted the attention of an 0b10 base 15290 | -3/Proximity Caves | Attracted the attention of an 0b10 checkpoint 15296 | -3/Proximity Caves | Discovered new exit (range 10) 15303 | -3/Proximity Caves | Identified exit to Research 15303 | -3/Proximity Caves | Entered Research 15303 | -3/Research | Evolved 2 slots: Propulsion x1, Utility x1 15333 | -3/Research | Lost 3 parts (3u) 15357 | -3/Research | Spotted B-86 Titan 15390 | -3/Research | Central database locked down 15505 | -3/Research | Retrieved Zion intel report: Component Stockpiles 15506 | -3/Research | Found Prototype Launcher 15506 | -3/Research | Identified Hellfire Missile Launcher 15582 | -3/Research | Build established: Mutant 15652 | -3/Research | Retrieved Zion intel report: Prototype Stockpiles 15789 | -3/Research | Lost 4 parts (2n1u1w) 15859 | -3/Research | Found Unknown Device 15859 | -3/Research | Identified Quantum Capacitor 15890 | -3/Research | Incoming investigation squad redirected 16042 | -3/Research | Lost 9 parts (1p6n1u1w) 16045 | -3/Research | Core integrity fell below 50% 16050 | -3/Research | Garrison activated, responded to threat 16053 | -3/Research | Core integrity fell below 20% 16054 | -3/Research | Identified Transdimensional Reconstructor 16054 | -3/Research | Warped through subspace 16054 | -3/Research | Spotted B-86 Titan 16077 | -3/Research | Destroyed by B-86 Titan with Railgun Last Messages --------------- 16052_ P-80 Master resets P-80 Master, system corruption cleaned. 16052_ Penetrated by Slug. 16052_ Adv. Signal Interpreter destroyed. 16052_ Micro-nuke Launcher destroyed. 16052_ Destroyed Micro-nuke Launcher. 16054_ Identified Transdimensional Reconstructor. 16054_ Warped through subspace. 16055_ Slug penetrates Wall. 16060_ System corrupted: Substantial component data lost. 16061_ Knocked back. 16065_ Penetrated by Slug. 16065_ Adv. Cryofiber Web destroyed. 16068_ Knocked back. 16071_ Critical hit (Burn: +50). 16073_ Identified Adv. Terrain Scan Processor. 16075_ B-86 Titan activates siege mode. 16077_ Penetrated by Slug. Map ----- +----------------------------------------------------+ | ?????????????????????????????????????????????????? | | ?????????????????????????????????????????????????? | | ?????????????????????????????????????????????????? | | ?????????????????????????????????????????????????? | | ?????????????????????????????????????????????????? | | ?????????????????????????????????????????????????? | | ?????????????????????????????????????????????????? | | ?????????????????????????????????????????????????? | | ?????????????????????????????????????????????????? | | ?????????????????????????????????????????????????? | | ?????????????????????????????????????????????????? | | ????????????????????????????????????????????????? | | ????????????????????????????????????????????????? | | ????????????????????????????????????????????????? | | ???????????????????#########?????????????????????? | | ???????????????????# #??????????????????#??? | | ???????????????????# #??????????????????? ? | | ???????????????????# #????????????????????? | | ???????????????????# #???????????????????### | | ???????????????????# ! #??????##########+### | | ???????????????????# #??#+## | | ???????????????????# ## | | ??????############## gg ^ | | ??????# # l ## | | ??????# # #??? | | ??????# # @ #### ####+?###] | | ??????# ####+###;;;; #???????### | | ??????# + // #?????????? | | ??????# # % // +?????????? | | ??????# + #?????????? | | ??????# # #?????????? | | ??????# # BB#?????????? | | ??????# ###########"####"" #?????????? | | ??????# #???????? ???# #?????????? | | ??????# #?????? ! ???##?????????? | | ??????##############?????# ! #?????????????? | | ?????????????????????????# """#?????????????? | | ?????????????????????????# Y"#?????????????? | | ?????????????????????????# """#?????????????? | | ?????????????????????????# #?????????????? | | ?????????????????????????# ! #?????????????? | | ?????????????????????????###########?????????????? | | ?????????????????????????????????????????????????? | | ?????????????????????????????????????????????????? | | ?????????????????????????????????????????????????? | | ?????????????????????????????????????????????????? | | ?????????????????????????????????????????????????? | | ?????????????????????????????????????????????????? | | ?????????????????????????????????????????????????? | | ?????????????????????????????????????????????????? | +----------------------------------------------------+ Best States ------------- Heat Dissipation 94 Energy Generation 37 Energy Capacity 1050 Matter Stores 450 Matter Capacity 450 Sight Range 22 Robot Scan Range 16 Terrain Scan Range 20 Terrain Scan Density 10 Jamming Range 12 Base Temperature (-) 200 Armor Coverage 450 Evasion (%) 80 Melee Accuracy 14 Target Analysis 8 Core Analysis 6 Armor Integrity Analysis 40 Recoil Reduction 4 Offensive Hacking 24 Defensive Hacking 24 Item Schematics ----------------- Combat Drone Bay | -7/Data Miner | Free Lgt. Regenerative Plating | -7/Data Miner | Free Cld. Aerolev Unit | -7/Data Miner | Free Exp. Weapon Shielding | -7/Data Miner | Free Antimatter Cannon | -7/Data Miner | Free Nuclear Pulse Array | -7/Data Miner | Free Imp. Component Analysis Suite | -7/Data Miner | Free Lance | -7/Data Miner | Free Fusion Compressor | -7/Data Miner | Free Adv. Shield Generator | -7/Data Miner | Free Hvy. Gauss Cannon | -7/Data Miner | Free Riot Gun | -6/Zion | Free Ripper | -6/Zion | Free Bore Cannon | -6/Zion | Free Plasma Flamer | -6/Zion | Free Assault Drone Bay | -4/Zhirov | Free Exp. Heat Sink | -4/Zhirov | Free Exp. Optical Array | -4/Zhirov | Free Imp. Arc Thrower | -4/Zhirov | Free Robot Schematics ------------------ R-10 Processor | -7/Data Miner | Free G-47 Trooper | -7/Data Miner | Free B-48 Gladiator | -7/Data Miner | Free A-15 Conveyor | -7/Data Miner | Free G-50 Soldier | -7/Data Miner | Free H-66 Slayer | -7/Data Miner | Free M-22 Extractor | -7/Data Miner | Free K-01 Serf | -5/Hub_04(d) | Z-intel B-60 Warrior | -5/Hub_04(d) | Z-intel R-06 Scavenger | -5/Hub_04(d) | Z-intel Y-64 Sentinel | -5/Hub_04(d) | Z-intel D-63 Destroyer | -5/Hub_04(d) | Z-intel Fabricated ------------ Nothing Repaired ---------- Nothing Studied --------- Greatsword | -7/Factory | Hacked Adv. Treads | -7/Factory | Hacked Hvy. Missile Launcher | -3/Research | Hacked Imp. Remote Datajack | -3/Research | Hacked Alien Tech Used ----------------- Integrated Dissipator Transdimensional Reconstructor Achievements -------------- Botjacking DIY Cooler Revising The Future Challenges ------------ None Game ------ Seed DisassembledZioniteNanosword Manual? 0 Play Time 02:38:21 Cumulative 86.6 hours Start 2026.02.04 @ 14:55:51 End 2026.02.04 @ 17:43:28 Sessions 1 Manual Loads 0 Difficulty Rogue Special Mode None Game No. 60 Rogue 56 Adventurer 4 Explorer 0 Win Type - Total 2 Types 2/0/0/0/0/0/0/0/0/0 Lore% 49 Gallery% 46 Achievement% 37 Wizard Run 0 Options --------- Layout 2 ASCII 0 Keyboard 1 Movement Vi Keybinds 0 Fullscreen 0 Font 18/SmallcapsGlow Map View 50x44 Zoom Use 0% Tactical HUD 1 Map Filters NONE Filters NONE Steam 1 RUN: 276629d1-e4bc-4b25-b087-bf7dad6f6076